cohdb
Replays
Latest Replays
All Replays
Popular Replays
Top Player Replays
Match Explorer
How It Works
Community
CoH3 Stats
Reddit
Sign in to upload your games and track your stats! →
Sign in with Steam
Match 43875494
Unlisted
Match 43875494
Overview
Messages
Build Orders
End
Construct Section Command Post
Royal Engineer Section
Selects Canadian Shock Battlegroup
Dingo Light Scout Car
Infantry Section
Infantry Section
Grenade Package
Selects Attacking Spirit
Selects Canadian Shock Section
Construct Field Infirmary
Construct Platoon Command Post
Vickers Machine Gun Team
Selects Incendiary Munitions
Royal Engineer Section
Humber Armored Car
Selects Pyrotechnics
Humber Armored Car
6-pounder Anti-tank Gun Team
Canadian Shock Section
Royal Engineer Section
Infantry Section
6-pounder Anti-tank Gun Team
Selects Churchill Crocodile Heavy Tank
Churchill Crocodile Heavy Tank
6-pounder Anti-tank Gun Team
6-pounder Anti-tank Gun Team
Selects Point Assault
Infantry Training
Construct Company Command Post
Royal Engineer Section
Matilda II Heavy Tank
Crusader II Medium Tank
Royal Engineer Section
Canadian Shock Section
Point Assault
Bootyquake
General Himmelswerft
0
0
Comments
sign in to comment!
No comments posted yet!